 Dungeon Crawl Stone Soup version 0.31-a0-795-g5eb97db20b (webtiles) character file.

Game seed: 5166773685290503272

667442 2FriedEggs the Middleweight Champion (level 24, -4/227 HPs)
             Began as a Merfolk Shapeshifter on Sept 4, 2023.
             Was the Champion of Ru.
             Killed by divine providence
             ... invoked by a royal mummy
              (11 damage)
             ... on level 1 of the Tomb of the Ancients on Sept 19, 2023.
             The game lasted 03:04:12 (64238 turns).

2FriedEggs the Middleweight Champion (MfSh)        Turns: 64238, Time: 03:04:13

Health: -4/227     AC: 46    Str: 25    XL:     24
Magic:  23/23      EV: 16    Int: 18    God:    Ru [******]
Gold:   4911       SH: 19    Dex: 16    Spells: 23/23 levels left

rFire   + +          +
                       - Unarmed
rCold   + + .        Q - +5 kite shield {reflect}
rNeg    + + +        Z - +7 gold dragon scales
rPois   ∞            A - +2 hat {Will+}
rElec   +            f - +4 dragonskin cloak
rCorr   +            x - +2 pair of gloves of Zooze {Str+3}
SInv    .            V - +1 pair of boots "Ugarymn" {rF+ rCorr Dex+3}
Will    ++...        c - necklace of Bloodlust {Fury *Rage Will++ Int-3 Slay+6} Stlth
                     W - ring of Qeroim {rF+ rCorr AC+4 Int+2}
HPRegen 0.57/turn    R - ring of Vodghir {rElec rPois Int+6}
MPRegen 0.18/turn

%: reflection
@: about to teleport, death-form, weak-willed, slowed, studying Shields, very
slow
A: vile attack, torment immunity, no potions, no potion heal 1, no stealth, no
conjurations magic, no fire magic, no hexes magic, inexperienced 3, (nimble
swimmer 2), mertail, horns 1, poison resistance
}: 4/15 runes: decaying, serpentine, slimy, silver
a: Siphon Essence, Begin Untransformation, Renounce Religion, Draw Out Power,
Power Leap, Apocalypse


You were on level 1 of the Tomb of the Ancients.
You worshipped Ru.
Ru was exalted by your worship.
You were an undying horror.
You visited 14 branches of the dungeon, and saw 58 of its levels.
You visited the Abyss 1 time.
You also visited: Gauntlet and Wizlab.

You collected 8917 gold pieces.
You spent 4006 gold pieces at shops.

Inventory:

Missiles
 i - 7 throwing nets
 O - 11 silver javelins (quivered)
Armour
 f - the +4 dragonskin cloak (worn)
   (You took it off Tiamat on level 2 of the Realm of Zot)

   Avatar's Aegis: It grants the wearer a chance to resist fire, cold, poison,
   electricity, acid, and negative energy.
 x - the +2 pair of gloves of Zooze (worn) {Str+3}
   (You acquired it on level 5 of the Pits of Slime)

   Str+3:     It affects your strength (+3).
 A - a +2 hat of willpower (worn)
 Q - a +5 kite shield of reflection (worn)
 V - the +1 pair of boots "Ugarymn" (worn) {rF+ rCorr Dex+3}
   (You found it in a Gauntlet)

   Dex+3:     It affects your dexterity (+3).
   rF+:       It protects you from fire.
   rCorr:     It protects you from acid and corrosion.
 Z - +7 gold dragon scales (worn)
Jewellery
 c - the necklace of Bloodlust (around neck) {Fury *Rage Will++ Int-3 Slay+6}
   (You found it on level 5 of the Pits of Slime)

   [amulet of nothing]

   Fury:      It extends the wearer's berserk rage when killing foes.
   Int-3:     It affects your intelligence (-3).
   Slay+6:    It affects your accuracy & damage with ranged weapons and melee
   (+6).
   Will++:    It greatly increases your willpower.
   *Rage:     It berserks you when you make melee attacks (+50% chance).
 p - an amulet of regeneration
 q - a ring of willpower
 r - a +4 ring of protection
 s - a ring of positive energy
 y - a ring of protection from cold
 B - a ring of protection from cold
 D - a ring of protection from fire
 I - a ring of flight
 K - a ring of willpower
 R - the ring of Vodghir (right hand) {rElec rPois Int+6}
   (You found it on level 5 of the Vaults)

   [ring of intelligence]

   Int+6:     It affects your intelligence (+6).
   rElec:     It insulates you from electricity.
   rPois:     It protects you from poison
 W - the ring of Qeroim (left hand) {rF+ rCorr AC+4 Int+2}
   (You found it on level 1 of the Elven Halls)

   [ring of protection]

   AC+4:      It affects your AC (+4).
   Int+2:     It affects your intelligence (+2).
   rF+:       It protects you from fire.
   rCorr:     It protects you from acid and corrosion.
Talismans
 b - a granite talisman
 k - a talisman of death (active)
 t - a storm talisman
Wands
 h - a wand of paralysis (78)
 n - a wand of digging (13)
 E - a wand of roots (41)
 F - a wand of quicksilver (30)
Scrolls
 a - 4 scrolls of torment
 m - 4 scrolls of summoning
 o - 7 scrolls of fog
 v - 4 scrolls of blinking
 w - 16 scrolls of teleportation
 H - 4 scrolls of revelation
 J - 6 scrolls of fear
 M - 10 scrolls of vulnerability
 T - 31 scrolls of identify
 U - 9 scrolls of poison
Potions
 d - 2 potions of invisibility
 e - 21 potions of heal wounds
 g - 7 potions of mutation
 j - 11 potions of brilliance
 l - 4 potions of cancellation
 u - 4 potions of magic
 z - 27 potions of curing
 C - 4 potions of enlightenment
 G - 6 potions of ambrosia
 L - 5 potions of berserk rage
 P - 8 potions of resistance
 S - 6 potions of haste
 X - 7 potions of might


   Skills:
 O Level 27 Fighting
 + Level 16.5 Armour
 O Level 27 Dodging
 + Level 15.8 Shields
 O Level 27 Unarmed Combat
 O Level 27 Shapeshifting


You had 23 spell levels left.
You didn't know any spells.
Your spell library contained the following spells:

 Spells                   Type           Power      Damage    Failure   Level
 Necrotise                Necr           0%         1d4       100%        1
 Sandblast                Erth           0%         2d4       100%        1
 Summon Small Mammal      Summ           0%         N/A       100%        1
 Blink                    Tloc           0%         N/A       100%        2
 Call Imp                 Summ           0%         N/A       100%        2
 Cigotuvi's Dreadful Rot  Necr/Pois/Air  0%         N/A       100%        2
 Lesser Beckoning         Tloc           0%         N/A       100%        2
 Passwall                 Tmut/Erth      0%         N/A       100%        2
 Poisonous Vapours        Pois/Air       0%         N/A       100%        2
 Call Canine Familiar     Summ           0%         N/A       100%        3
 Frozen Ramparts          Ice            0%         1d1       100%        3
 Gell's Gravitas          Tloc           0%         N/A       100%        3
 Swiftness                Air            0%         N/A       100%        3
 Teleport Other           Tloc           0%         N/A       100%        3
 Vampiric Draining        Necr           0%         2d6       100%        3
 Airstrike                Air            0%         2d(0-16)  100%        4
 Animate Armour           Summ/Erth      0%         N/A       100%        4
 Animate Dead             Necr           0%         N/A       100%        4
 Dispel Undead            Necr           0%         3d6       100%        4
 Manifold Assault         Tloc           0%         N/A       100%        4
 Passage of Golubria      Tloc           0%         N/A       100%        4
 Petrify                  Tmut/Erth      0%         N/A       100%        4
 Summon Ice Beast         Ice/Summ       0%         N/A       100%        4
 Summon Lightning Spire   Summ/Air       0%         N/A       100%        4
 Vhi's Electric Charge    Tloc/Air       0%         N/A       100%        4
 Agony                    Necr           0%         N/A       100%        5
 Lee's Rapid Deconstruct  Erth           0%         3d4*      100%        5
 Dispersal                Tloc           0%         N/A       100%        6
 Simulacrum               Ice/Necr       0%         N/A       100%        6
 Summon Cactus Giant      Summ           0%         N/A       100%        6
 Haunt                    Necr/Summ      0%         N/A       100%        7
 Monstrous Menagerie      Summ           0%         N/A       100%        7
 Ozocubu's Refrigeration  Ice            0%         4d7       100%        7
 Borgnjor's Revivificati  Necr           0%         N/A       100%        8
 Disjunction              Tloc           0%         N/A       100%        8
 Summon Horrible Things   Summ           0%         N/A       100%        8
 Death's Door             Necr           0%         N/A       100%        9
 Polar Vortex             Ice            0%         N/A       100%        9
 Kiss of Death            Conj/Necr      Unusable   2d5       N/A         1
 Magic Dart               Conj           Unusable   1d3       N/A         1
 Shock                    Conj/Air       Unusable   1d3       N/A         1
 Ensorcelled Hibernation  Hex/Ice        Unusable   N/A       N/A         2
 Jinxbite                 Hex            Unusable   N/A       N/A         2
 Scorch                   Fire           Unusable   2d5       N/A         2
 Searing Ray              Conj           Unusable   2d4       N/A         2
 Confusing Touch          Hex            Unusable   N/A       N/A         3
 Mephitic Cloud           Conj/Pois/Air  Unusable   N/A       N/A         3
 Sigil of Binding         Hex            Unusable   N/A       N/A         3
 Stone Arrow              Conj/Erth      Unusable   3d7       N/A         3
 Summon Guardian Golem    Hex/Summ       Unusable   N/A       N/A         3
 Tukima's Dance           Hex            Unusable   N/A       N/A         3
 Dimensional Bullseye     Hex/Tloc       Unusable   N/A       N/A         4
 Flame Wave               Conj/Fire      Unusable   2d4       N/A         4
 Fulminant Prism          Conj/Hex       Unusable   3d5       N/A         4
 Leda's Liquefaction      Hex/Erth       Unusable   N/A       N/A         4
 Freezing Cloud           Conj/Ice/Air   Unusable   6-21      N/A         5
 Metabolic Englaciation   Hex/Ice        Unusable   N/A       N/A         5
 Summon Mana Viper        Hex/Summ       Unusable   N/A       N/A         5
 Yara's Violent Unravell  Hex/Tmut       Unusable   3d3       N/A         5
 Plasma Beam              Fire/Air       Unusable   2x1d10    N/A         6
 Lehudib's Crystal Spear  Conj/Erth      Unusable   10d2      N/A         8

Dungeon Overview and Level Annotations

Branches:
Dungeon (15/15)            Temple (1/1) D:6            Lair (5/5) D:8
  Swamp (4/4) Lair:3        Snake (4/4) Lair:2        Slime (5/5) Lair:5
    Orc (2/2) D:12            Elf (3/3) Orc:2        Vaults (5/5) D:14
  Crypt (3/3) Vaults:2       Tomb (1/3) Crypt:3      Depths (4/4) D:15
   Hell (visited)             Dis (0/7) Hell            Geh (0/7) Hell
    Coc (0/7) Hell            Tar (0/7) Hell            Zot (5/5) Depths:4
 WizLab (visited)         Gauntlet (visited)

Altars:
Ashenzari
Cheibriados
Dithmenos
Elyvilon
Fedhas
Gozag
Hepliaklqana
Kikubaaqudgha
Makhleb
Nemelex Xobeh
Okawaru
Qazlal
Ru
Sif Muna
Trog
Uskayaw
Vehumet
Wu Jian
Xom
Yredelemnul
Zin
The Shining One
Jiyva
Lugonu

Shops:
D:5 [   D:6 (   D:9 (   D:10 [   Orc:2 !(*[   Elf:3 [   Snake:4 ::=
Vaults:4 *(?   Depths:1 ((   Depths:3 :   Depths:4 :

Portals:
Hell: Depths:1 Depths:2 Depths:3 Depths:4
Abyss: Lair:5 Depths:1 Depths:3
Pandemonium: Depths:2
Ziggurat: Depths:2
Trove: Depths:3 (give 8 scrolls of fog)

Annotations:
Elf:3 2 transporters, Wurlitzer's ghost, adept BaHs
Depths:4 5 runed translucent doors


Innate Abilities, Weirdness & Mutations

You are an undying horror.
Your melee and unarmed attacks drain, slow and weaken victims.
You are immune to unholy pain and torment.
You cannot drink.
Potions are less effective at restoring your health.
You cannot be stealthy.
You cannot study or cast Conjurations magic.
You cannot study or cast Fire magic.
You cannot study or cast Hexes magic.
You are extremely inexperienced. (-3 XL)
((You are very nimble when in or above water. (Stealth+, EV+, Speed+++)))
Your lower body shifts to a powerful aquatic tail in water.
You have a pair of small horns on your head.
Your system is resistant to poisons. (rPois)


Message History

You block the emperor scorpion's attack.
The emperor scorpion barely misses you.
The emperor scorpion claws you but does no damage. x2
The death scarab closely misses you.
You hear a loud "Zot"!
The power of Zot is invoked against you!
The royal mummy is recalled. x4
A royal mummy comes into view.
The lich touches you.
You redirect the royal mummy's attack!
A royal mummy comes into view.
You hear a loud "Zot"!
The power of Zot is invoked against you!
Your willpower is stripped away!
The royal mummy begins to cast a spell, but is stunned by your conviction!
The revenant begins to cast a spell, but is stunned by your conviction!
The royal mummy hits you. 2 royal mummies come into view.
As you read the scroll of teleportation, it crumbles to dust.
You feel strangely unstable.
The death scarab bites you but does no damage.
You redirect the royal mummy's attack!
You block the emperor scorpion's attack. x2
The emperor scorpion closely misses you.
The emperor scorpion stings you but does no damage.
The emperor scorpion claws you but does no damage.
The emperor scorpion completely misses you.
The emperor scorpion closely misses you.
The emperor scorpion claws you but does no damage.
The emperor scorpion barely misses you.
The emperor scorpion is stunned by your conviction and fails to attack.
The death scarab bites you but does no damage.
You redirect the royal mummy's attack!
The lich closely misses you.
The revenant points at you and mumbles some strange words.
You convulse!
* * * LOW HITPOINT WARNING * * *
The royal mummy gestures at you while chanting.
Something smites you!
You die...

...............
#................
#...^............
#..^.............
#.^.M............
#..M.....M.......
#....MZ^s........
###....sLsM..^.....
......sMzzs....)...
.......ssBM........
##^....M.#########
##'''''## #.......#
#.8...8.# #.......#
#.......# #.8...8.#


You could see 7 royal mummies, 7 emperor scorpions, a revenant, a lich, a mummy
priest, a death scarab (summoned) and a naga warrior zombie.

Vanquished Creatures
  Dissolution (Slime:3)
  the Royal Jelly (Slime:5)
  4 dread liches
  Khufu (Tomb:1)
  3 orbs of fire
  6 ancient liches
  Tiamat (Zot:2)
  A juggernaut (Depths:1)
  3 royal mummies (Tomb:1)
  Sojobo (Depths:4)
  the Lernaean hydra (Swamp:4)
  2 curse toes
  3 Killer Klowns
  4 caustic shrikes
  Geryon (Hell)
  19 golden dragons
  Norris (Vaults:4)
  4 electric golems
  Jorgrun (Swamp:1)
  25 Orb Guardians (Zot:5)
  Mlioglotl (Swamp:2)
  A walking crystal tome (Depths:2)
  A Hell Sentinel (Abyss:3)
  Rupert (D:12)
  17 tentacled monstrosities
  2 titans
  3 deep elf master archers (Elf:3)
  6 liches
  7 death cobs
  4 quicksilver dragons
  2 deep elf blademasters (Elf:3)
  9 sphinxes
  15 acid blobs
  9 ancient champions
  An Executioner (Abyss:3)
  Kirke (D:13)
  13 shadow dragons
  Agnes (D:14)
  15 azure jellies
  2 thorn hunters (Swamp:1)
  14 storm dragons
  Donald (Vaults:3)
  10 tengu reavers
  5 draconian monks
  5 nagarajas
  7 revenants
  13 fire giants
  15 rockslimes
  The ghost of bakla the Unseen, an adept KoBr of Hepliaklqana (Swamp:3)
  3 frost giants
  5 ghost moths
  6 deep elf sorcerers
  9 draconian scorchers
  3 draconian knights
  2 iron dragons
  A balrug (Depths:1)
  12 vault wardens
  2 draconian stormcallers (Zot:5)
  3 curse skulls
  3 deep elf elementalists (Elf:3)
  9 draconian shifters
  2 orc warlords
  2 ghouls
  9 war gargoyles
  4 draconian annihilators
  3 spriggan defenders
  A spectral caustic shrike (WizLab)
  7 quicksilver oozes
  11 very ugly things
  3 reapers
  13 stone giants
  15 ironbound preservers
  5 ironbound thunderhulks
  4 formless jellyfish
  13 vampire knights
  6 deep elf demonologists
  12 black draconians
  An elemental wellspring (Hell)
  Nessos (D:13)
  11 green draconians
  6 deep elf annihilators
  3 eleionomae
  A wendigo (Hell)
  13 purple draconians
  5 halazid warlocks (WizLab)
  15 white draconians
  A spectral titan (WizLab)
  20 red draconians
  5 spark wasps
  3 bunyips
  14 dire elephants
  A minotaur (Gauntlet)
  15 yellow draconians
  A green death (Depths:2)
  Snorg (D:13)
  7 eidola
  14 ettins
  6 deep elf death magi
  2 blizzard demons
  2 crystal guardians
  11 jiangshi
  2 mummy priests (Tomb:1)
  10 fire dragons
  9 deep elf high priests
  A quicksilver dragon zombie (WizLab)
  12 great orbs of eyes
  A shambling mangrove (Swamp:2)
  18 yaktaur captains
  2 entropy weavers
  Fannar (D:11)
  2 spectral spriggans (Crypt:3)
  31 vault guards
  5 peacekeepers
  21 hydras
  An ogre mage (Vaults:4)
  A spectral shadow dragon (Crypt:3)
  8 salamander tyrants
  3 rakshasas
  A juggernaut simulacrum (Depths:2)
  Erolcha (D:12)
  16 ice dragons
  4 ironbound frosthearts
  A catoblepas (Lair:5)
  20 centaur warriors
  10 anacondas
  2 spriggan air magi (Depths:3)
  7 boulder beetles
  2 death knights (Crypt:1)
  3 ghost crabs
  4 death yaks (Lair:2)
  4 death scarabs (Tomb:1)
  5 two-headed ogres
  10 tengu warriors
  5 alligators
  7 deep troll earth magi
  4 deep troll shamans
  7 naga warriors
  A shock serpent (shapeshifter) (Vaults:5)
  4 thrashing horrors
  Urug (D:12)
  9 hell hogs
  5 vampire magi
  A spectral storm dragon (Crypt:3)
  29 dancing weapons
  5 orc high priests
  3 soul eaters
  A spectral naga (Crypt:3)
  3 spriggan berserkers
  19 naga sharpshooters
  9 shock serpents
  16 deep elf knights
  11 sun demons
  2 titan skeletons
  24 skeletal warriors
  4 goliath frogs
  11 iron trolls
  6 wretched stars (Abyss:3)
  14 hell knights
  21 shadow wraiths
  5 salamander mystics
  A spectral spark wasp (WizLab)
  2 skysharks (Vaults:4)
  7 spriggan druids
  A death drake (shapeshifter) (Vaults:5)
  A swamp dragon (shapeshifter) (Depths:4)
  52 deep trolls
  14 naga ritualists
  4 glowing orange brains
  9 flayed ghosts
  A deep troll (shapeshifter) (Depths:3)
  13 bog bodies
  12 swamp dragons
  2 iron giant skeletons
  2 lindwurms (Vaults:2)
  12 wizards
  20 deep elf archers
  32 phantasmal warriors
  9 harpies
  A fenstrider witch simulacrum (Hell)
  16 ironbound convokers
  15 mana vipers
  22 deep elf zephyrmancers
  9 necromancers
  2 wolf spider zombies (WizLab)
  A wolf spider (D:10)
  6 oklob plants (Lair:5)
  An iron dragon zombie (Crypt:2)
  29 deep elf pyromancers
  4 orc sorcerers
  A fire giant zombie (Vaults:2)
  31 ugly things
  11 orc knights
  A spectral ettin (Crypt:3)
  10 shining eyes
  A tengu skeleton (Vaults:2)
  5 will-o-the-wisps
  16 salamanders
  A faun (shapeshifter) (Depths:3)
  A wolf spider (shapeshifter) (Vaults:5)
  A worldbinder (Abyss:3)
  20 vault sentinels
  5 cyclopes
  5 rust devils
  24 moths of wrath
  3 manticores
  21 naga magi
  A goliath frog skeleton (Crypt:2)
  51 black mambas
  A black mamba (shapeshifter) (Vaults:5)
  An apocalypse crab (Abyss:3)
  2 fire giant skeletons
  5 smoke demons
  4 eyes of devastation (Slime:5)
  Jeremiah (D:6)
  5 guardian serpents
  9 cane toads
  2 frost giant skeletons
  2 torpor snails
  A cane toad (shapeshifter) (D:14)
  A hellion (Gauntlet)
  6 rime drakes
  2 human zombies
  An elephant slug zombie (Crypt:2)
  A yaktaur (shapeshifter) (D:15)
  An iron troll zombie (Crypt:1)
  2 unseen horrors
  A kobold demonologist (D:10)
  6 efreet
  9 komodo dragons
  21 yaktaurs
  A guardian mummy (Tomb:1)
  A centaur skeleton (Hell)
  12 freezing wraiths
  A red draconian skeleton (Crypt:1)
  A purple draconian skeleton (Crypt:3)
  5 tengu conjurers
  4 burning bushes (Lair:5)
  2 ice devils (Depths:2)
  A red devil (Hell)
  A harpy zombie (Hell)
  A merfolk (shapeshifter) (Depths:3)
  2 ancient zymes (Abyss:3)
  A meliai (shapeshifter) (D:15)
  A yellow draconian skeleton (Crypt:3)
  10 trolls
  7 polar bears
  13 hornets
  A shadow dragon simulacrum (Hell)
  8 tyrant leeches
  A hornet (shapeshifter) (Lair:5)
  6 raiju
  A dream sheep (shapeshifter) (Lair:5)
  8 large abominations
  10 small abominations
  15 blink frogs
  6 dream sheep (Lair:5)
  A fire giant simulacrum (Vaults:2)
  4 air elementals
  96 slime creatures
  2 ettin skeletons (Hell)
  2 spriggan zombies (WizLab)
  11 spriggans
  33 flying skulls
  4 shadows
  A centaur simulacrum (Hell)
  18 wraiths
  4 ynoxinuls
  Sigmund (D:4)
  A wyvern (shapeshifter) (Depths:3)
  15 water elementals
  58 yaks
  A vampire (D:10)
  16 fire elementals
  11 basilisks
  3 hogs
  3 fire bats (Lair:1)
  8 golden eyes
  A human (shapeshifter) (D:9)
  4 starcursed masses (Abyss:3)
  6 wyverns
  15 vampire mosquitoes
  2 chaos spawn (Abyss:3)
  2 redbacks
  22 humans (D:14)
  7 wargs
  A harpy simulacrum (Hell)
  A faun zombie (Crypt:3)
  54 nagas
  12 swamp worms
  2 glowing shapeshifter zombies (Depths:2)
  18 water moccasins
  2 hell hounds (Gauntlet)
  A black bear (Lair:4)
  A hornet zombie (Crypt:1)
  7 swamp drakes (Swamp:4)
  57 orc warriors
  A cane toad skeleton (Crypt:2)
  A sky beast (D:8)
  13 ogres
  11 wolves
  2 ettin simulacra (Hell)
  A wolf (shapeshifter) (D:13)
  17 centaurs
  A kobold brigand (D:8)
  A phantom (D:5)
  An elf zombie (Crypt:3)
  2 fire crab zombies
  14 bullfrogs
  4 gnoll sergeants
  A vine stalker zombie (Crypt:2)
  An earth elemental (Elf:2)
  2 necrophages (Swamp:4)
  4 scorpions (D:6)
  A hornet simulacrum (Gauntlet)
  9 wights
  A troll zombie (Crypt:3)
  6 killer bees (D:8)
  9 howler monkeys
  3 electric eels
  2 spriggan skeletons
  4 crimson imps (Gauntlet)
  35 orc priests
  2 hounds (D:6)
  3 jellies
  2 gnoll boudas
  7 iguanas
  An iguana (shapeshifter) (Vaults:5)
  A sleepcap (D:4)
  A human skeleton (Crypt:2)
  31 orc wizards
  2 boggart skeletons
  An acid dragon skeleton (Crypt:1)
  3 mummies (Tomb:1)
  A howler monkey skeleton (Crypt:2)
  3 adders
  20 gnolls
  3 ufetubi
  A worm (D:3)
  5 dart slugs
  121 orcs
  5 endoplasms
  7 giant cockroaches
  6 goblins
  4 hobgoblins
  3 jackals (D:1)
  13 kobolds
  4 quokkas
  5 ball pythons
  2 bats (D:1)
  A dart slug zombie (Crypt:3)
  7 frilled lizards
  8 rats
  A creeping inferno (Hell)
  A fire vortex (Hell)
2680 creatures vanquished.

Vanquished Creatures (collateral kills)
  A death yak (Lair:2)
  A naga (Lair:2)
  A bullfrog (Lair:2)
3 creatures vanquished.

Vanquished Creatures (others)
  A tentacled monstrosity (Zot:5)
  A walking earthen tome (Depths:3)
  A walking crystal tome (Depths:2)
  An acid blob (Slime:5)
  A death cob (Zot:2)
  An ironbound preserver (Vaults:2)
  A green draconian (Zot:3)
  A dire elephant (Vaults:1)
  A bunyip (Swamp:3)
  An ettin (Depths:2)
  A deep elf death mage (Elf:3)
  4 vault guards
  An alligator (Swamp:3)
  2 centaur warriors (Vaults:2)
  3 hydras
  A dancing weapon (Elf:2)
  A goliath frog (Swamp:3)
  A skeletal warrior (Vaults:2)
  A deep elf knight (Elf:2)
  A naga ritualist (Snake:4)
  A phantasmal warrior (Vaults:5)
  A wolf spider zombie (WizLab)
  2 harpies (Vaults:2)
  A necromancer (Depths:3)
  2 deep elf pyromancers (Elf:3)
  3 black mambas (Snake:1)
  A torpor snail (Lair:4)
  An unseen horror (D:13)
  2 yaktaurs (Vaults:4)
  A dire elephant skeleton (Hell)
  4 bloated husks
  A hornet (Swamp:1)
  A tyrant leech (Swamp:1)
  A flying skull (WizLab)
  3 spriggans
  2 small abominations (Lair:5)
  A swamp worm (Swamp:3)
  A fire dragon simulacrum (Hell)
  An ettin simulacrum (Hell)
  An orc wizard (D:10)
  2 orcs
  A creeping inferno (Hell)
  A fire vortex (Hell)
  24 foxfires
85 creatures vanquished.

Grand Total: 2768 creatures vanquished

Notes
Turn   | Place    | Note
-------+----------+-------------------------------------------
     0 | D:1      | 2FriedEggs the Merfolk Shapeshifter began the quest for the
                  | Orb.
     0 | D:1      | Reached XP level 1. HP: 15/15 MP: 1/1
    96 | D:1      | Reached XP level 2. HP: 20/21 MP: 2/2
   281 | D:1      | Reached XP level 3. HP: 19/26 MP: 3/3
   419 | D:1      | Reached skill level 5 in Shapeshifting
  1007 | D:2      | Found a bloodstained altar of Trog.
  1073 | D:2      | Reached XP level 4. HP: 20/32 MP: 4/4
  1406 | D:3      | Found an ancient bone altar of Kikubaaqudgha.
  2156 | D:4      | Reached XP level 5. HP: 35/37 MP: 5/5
  2413 | D:4      | Found a shimmering altar of Xom.
  2428 | D:4      | Noticed Sigmund
  2433 | D:4      | Killed Sigmund
  2434 | D:4      | Reached XP level 6. HP: 39/43 MP: 6/6
  2589 | D:5      | Entered Level 5 of the Dungeon
  2797 | D:5      | Reached XP level 7. HP: 34/50 MP: 7/7
  2880 | D:5      | Reached skill level 5 in Unarmed Combat
  3213 | D:5      | Found Yreidgh's Antique Armour Shop.
  3305 | D:5      | Found a glowing silver altar of Zin.
  3306 | D:5      | Found a burning altar of Makhleb.
  3309 | D:5      | Noticed a blizzard demon
  3505 | D:5      | Reached XP level 8. HP: 23/58 MP: 8/8
  3515 | D:5      | Reached skill level 5 in Dodging
  3775 | D:5      | Noticed an angel
  3800 | D:5      | Identified the +4 chain mail "Poloceg" {Dex+2}
  3994 | D:6      | Noticed Jeremiah
  4011 | D:5      | Upgraded the game from 0.31-a0-667-g39726597b9 to
                  | 0.31-a0-672-g7da72447bb
  4074 | D:6      | Found an ornate altar of the Wu Jian Council.
  4077 | D:6      | Found an iron altar of Okawaru.
  4077 | D:6      | Found a hide-covered altar of Uskayaw.
  4106 | D:6      | Found a basalt altar of Yredelemnul.
  4475 | D:6      | Upgraded the game from 0.31-a0-672-g7da72447bb to
                  | 0.31-a0-675-g238779eb0a
  4481 | D:6      | Upgraded the game from 0.31-a0-675-g238779eb0a to
                  | 0.31-a0-728-g01b46875f1
  4483 | D:6      | Reached XP level 9. HP: 46/67 MP: 9/9
  4492 | D:6      | Reached skill level 5 in Fighting
  4492 | D:6      | HP: 3/63 [Jeremiah/+2 trident of draining (4)]
  4526 | D:6      | Found Ithasuz's Weapon Shoppe.
  4855 | D:6      | Found a staircase to the Ecumenical Temple.
  4895 | Temple   | Entered the Ecumenical Temple
  4900 | Temple   | Became a worshipper of Ru the Awakened
  4969 | D:6      | Killed Jeremiah
  5212 | D:7      | Found a sparkling altar of Nemelex Xobeh.
  5814 | D:8      | Noticed a hornet
  5824 | D:8      | Killed a hornet
  5871 | D:8      | Noticed a hornet
  5878 | D:8      | Killed a hornet
  5905 | D:8      | Gained mutation: You are somewhat inexperienced. (-1 XL)
                  | [Ru sacrifice]
  5905 | D:8      | Reached XP level 8. HP: 65/65 MP: 8/8
  5905 | D:8      | Reached * piety under Ru
  5919 | D:8      | Found a shadowy altar of Dithmenos.
  5938 | D:8      | Reached skill level 10 in Unarmed Combat
  6008 | D:8      | Reached XP level 9. HP: 69/71 MP: 9/9
  6168 | D:8      | Found a staircase to the Lair.
  6339 | D:8      | Found a bloodstained altar of Trog.
  6522 | D:9      | Identified the +7 long sword of Ahaischong {flame, *Noise
                  | +Blink rF+++ Dex-3}
  6552 | D:9      | Noticed a two-headed ogre
  6559 | D:9      | Killed a two-headed ogre
  6567 | D:9      | Found Tiroboutt's Antique Weapon Shop.
  7055 | D:10     | Entered Level 10 of the Dungeon
  7088 | D:10     | Found a blossoming altar of Fedhas.
  7136 | D:10     | Noticed a kobold demonologist
  7147 | D:10     | Killed a kobold demonologist
  7323 | D:10     | Noticed an unseen horror
  7329 | D:10     | Killed an unseen horror
  7330 | D:10     | Reached skill level 10 in Dodging
  7420 | D:10     | Noticed a cyclops
  7428 | D:10     | Killed a cyclops
  7453 | D:10     | Found Guidghaikh's Armour Boutique.
  7478 | D:10     | Bought a +1 pair of gloves of stealth for 280 gold pieces
  7500 | D:10     | Identified the +2 leather armour of Greater Demons {+Blink
                  | rN++ rCorr Str-4}
  7754 | D:10     | Noticed a wolf spider
  7754 | D:10     | Noticed an orc knight
  7761 | D:10     | Reached XP level 10. HP: 61/80 MP: 10/10
  7775 | D:10     | Killed a wolf spider
  8020 | D:10     | Identified the +6 flail "Kasun" {freeze, rElec Will+ Int-2}
  8189 | D:11     | Gained mutation: Potions are less effective at restoring
                  | your health. [Ru sacrifice]
  8189 | D:11     | Reached ** piety under Ru
  8317 | D:11     | Noticed Fannar
  8350 | D:11     | Killed Fannar
  8351 | D:11     | Reached skill level 10 in Shapeshifting
  8714 | D:11     | Found a frozen archway.
  9069 | D:12     | Noticed Rupert
  9107 | D:12     | Noticed Erolcha
  9112 | D:12     | Killed Erolcha
  9292 | Lair:1   | Entered Level 1 of the Lair of Beasts
  9315 | Lair:1   | Reached XP level 11. HP: 80/87 MP: 11/11
  9561 | Lair:1   | Identified the +0 pair of boots of Hepliaklqana {rC+ rN++
                  | Will-}
  9581 | Lair:1   | Noticed a boulder beetle
  9601 | Lair:1   | Killed a boulder beetle
 10155 | Lair:2   | Found a staircase to the Snake Pit.
 10173 | Lair:2   | Noticed a death yak
 10174 | Lair:2   | Noticed a death yak
 10228 | Lair:2   | Gained mutation: You are inexperienced. (-2 XL) [Ru
                  | sacrifice]
 10228 | Lair:2   | Reached XP level 10. HP: 83/83 MP: 10/10
 10228 | Lair:2   | Reached *** piety under Ru
 10343 | Lair:2   | Noticed a death yak
 10345 | Lair:2   | Noticed a death yak
 10357 | Lair:2   | Noticed a death yak
 10359 | Lair:2   | Killed a death yak
 10365 | Lair:2   | Killed a death yak
 10371 | Lair:2   | Killed a death yak
 10383 | Lair:2   | Killed a death yak
 10401 | Lair:2   | Killed a death yak
 10402 | Lair:2   | Reached skill level 10 in Fighting
 10421 | Lair:2   | Reached XP level 11. HP: 57/90 MP: 11/11
 10506 | Lair:2   | Identified the +0 leather armour of the Crypt {rElec}
 11511 | Lair:3   | Reached skill level 15 in Unarmed Combat
 11553 | Lair:3   | Found a staircase to the Swamp.
 12326 | Lair:4   | Gained mutation: You cannot study or cast Fire magic. [Ru
                  | sacrifice]
 12326 | Lair:4   | Gained mutation: You cannot study or cast Hexes magic. [Ru
                  | sacrifice]
 12326 | Lair:4   | Gained mutation: You cannot study or cast Conjurations
                  | magic. [Ru sacrifice]
 12326 | Lair:4   | Reached **** piety under Ru
 12326 | Lair:4   | Reached ***** piety under Ru
 13301 | Lair:5   | Entered Level 5 of the Lair of Beasts
 13424 | Lair:5   | Found a gate leading to a gauntlet.
 13429 | Gauntlet | Entered a Gauntlet
 13429 | Gauntlet | Found a transporter.
 13436 | Gauntlet | Found a transporter.
 13440 | Gauntlet | Found a transporter.
 13448 | Gauntlet | Found a transporter.
 13452 | Gauntlet | Found a transporter.
 13460 | Gauntlet | Found a transporter.
 13464 | Gauntlet | Found a transporter.
 13475 | Gauntlet | Found a transporter.
 13476 | Gauntlet | Found a transporter.
 13482 | Gauntlet | Found a runed translucent gate.
 13484 | Gauntlet | Found a runed translucent gate.
 13484 | Gauntlet | Found a transporter.
 13486 | Gauntlet | Found a runed translucent gate.
 13515 | Gauntlet | Found a transporter.
 13527 | Gauntlet | Found a transporter.
 13539 | Gauntlet | Found a transporter.
 13551 | Gauntlet | Found a transporter.
 13818 | Gauntlet | Identified the +1 pair of boots "Ugarymn" {rF+ rCorr Dex+3}
 13893 | Gauntlet | Noticed a minotaur
 13900 | Gauntlet | Killed a minotaur
 13982 | Lair:5   | Reached skill level 15 in Shapeshifting
 14320 | Lair:5   | Reached XP level 12. HP: 92/100 MP: 12/12
 14368 | Lair:5   | Found a viscous altar of Jiyva.
 14474 | Lair:5   | Gained mutation: You are extremely inexperienced. (-3 XL)
                  | [Ru sacrifice]
 14474 | Lair:5   | Reached XP level 11. HP: 93/93 MP: 11/11
 15014 | Lair:5   | Paralysed by a hornet for 1 turns
 15400 | Lair:5   | Found a corrupted altar of Lugonu.
 15400 | Lair:5   | Found a one-way gate to the infinite horrors of the Abyss.
 16013 | D:12     | Found a staircase to the Orcish Mines.
 16094 | D:12     | Found a snail-covered altar of Cheibriados.
 16134 | D:12     | Killed Rupert
 16448 | D:12     | Gained mutation: You cannot be stealthy. [Ru sacrifice]
 16448 | D:12     | Reached ****** piety under Ru
 16642 | D:13     | Noticed Urug
 16652 | D:12     | Killed Urug
 16704 | D:13     | Noticed Nessos
 16713 | D:13     | Killed Nessos
 16779 | D:13     | Noticed Snorg
 16788 | D:13     | Killed Snorg
 16819 | D:13     | Noticed Kirke
 17009 | D:13     | Killed Kirke
 17010 | D:13     | Reached XP level 12. HP: 100/100 MP: 12/12
 17098 | D:13     | Identified the +0 robe of Hedge Wizardry {rC+ Will+ Regen+
                  | Str-5}
 17593 | D:14     | Noticed Agnes
 17597 | D:14     | Killed Agnes
 17680 | D:14     | Found a basalt altar of Yredelemnul.
 17736 | D:14     | Identified the +0 ring mail "Juff" {Regen+ Str+2}
 18151 | D:14     | Found a gate to the Vaults.
 18443 | D:15     | Entered Level 15 of the Dungeon
 18508 | D:15     | Reached skill level 15 in Dodging
 19131 | D:15     | Reached XP level 13. HP: 42/109 MP: 13/13
 19205 | D:15     | Found a staircase to the Depths.
 19678 | Snake:1  | Entered Level 1 of the Snake Pit
 21216 | Snake:2  | Noticed a nagaraja
 21239 | Snake:2  | Killed a nagaraja
 21433 | Snake:2  | Identified the +10 spear of Afeofrih {venom, rPois rF+++
                  | rC- Int-5}
 21758 | Snake:3  | Upgraded the game from 0.31-a0-728-g01b46875f1 to
                  | 0.31-a0-740-g87205ac768
 21793 | Snake:2  | Reached XP level 14. HP: 91/120 MP: 1/14
 22558 | Snake:3  | Reached skill level 1 in Shields
 22955 | Snake:3  | Reached skill level 5 in Shields
 23174 | Snake:4  | Entered Level 4 of the Snake Pit
 23608 | Snake:4  | Found Kixkeah's Jewellery Emporium.
 23608 | Snake:4  | Found Gavocwapp's Book Shop.
 23609 | Snake:4  | Found Zuetus's Book Shop.
 23853 | Orc:1    | Entered Level 1 of the Orcish Mines
 23963 | Orc:2    | Entered Level 2 of the Orcish Mines
 24403 | Orc:2    | Found Xotar's Assorted Antiques.
 24414 | Orc:2    | Found Idafoem's Armour Shop.
 24895 | Orc:2    | Found a staircase to the Elven Halls.
 25117 | Orc:2    | Found Luodaur's Antique Weapon Boutique.
 25227 | Orc:2    | Found Bimuip's Distillery.
 25233 | Orc:2    | Reached skill level 10 in Shields
 25253 | Orc:2    | Bought a potion of attraction for 45 gold pieces
 25253 | Orc:2    | Bought a potion of mutation for 120 gold pieces
 25253 | Orc:2    | Bought a potion of mutation for 120 gold pieces
 25648 | Snake:4  | Bought the ring of Cyvukhu {AC+4 Str+3} for 788 gold pieces
 26217 | Orc:1    | Reached XP level 15. HP: 126/126 MP: 15/15
 26596 | Swamp:1  | Entered Level 1 of the Swamp
 26838 | Swamp:1  | HP: 3/165 [something (9)]
 27027 | Swamp:1  | Noticed Jorgrun
 27044 | Swamp:1  | Killed Jorgrun
 27476 | Swamp:2  | Gained mutation: You are partially covered in iridescent
                  | scales. (AC +2) [potion of mutation]
 27476 | Swamp:2  | Gained mutation: You expend magic power (3 MP) to
                  | strengthen your wands. [potion of mutation]
 27476 | Swamp:2  | Gained mutation: You have a pair of small antennae on your
                  | head. [potion of mutation]
 27476 | Swamp:2  | Gained mutation: You are mostly covered in iridescent
                  | scales. (AC +4) [potion of mutation]
 27502 | Swamp:2  | Noticed Mlioglotl
 27514 | Swamp:2  | Killed Mlioglotl
 27602 | Swamp:2  | Lost mutation: You have a pair of small antennae on your
                  | head. [potion of mutation]
 27602 | Swamp:2  | Lost mutation: You are mostly covered in iridescent scales.
                  | (AC +4) [potion of mutation]
 27602 | Swamp:2  | Gained mutation: Your flesh is cold resistant. (rC+)
                  | [potion of mutation]
 27602 | Swamp:2  | Gained mutation: You are vulnerable to heat. (rF-) [potion
                  | of mutation]
 27602 | Swamp:2  | Gained mutation: You occasionally lose the ability to drink
                  | potions when taking damage. [potion of mutation]
 27609 | Swamp:2  | Lost mutation: You occasionally lose the ability to drink
                  | potions when taking damage. [potion of mutation]
 27609 | Swamp:2  | Lost mutation: You are partially covered in iridescent
                  | scales. (AC +2) [potion of mutation]
 27609 | Swamp:2  | Lost mutation: You are vulnerable to heat. (rF-) [potion of
                  | mutation]
 27609 | Swamp:2  | Gained mutation: You have a pair of small antennae on your
                  | head. [potion of mutation]
 27609 | Swamp:2  | Gained mutation: You are frail. (-10% HP) [potion of
                  | mutation]
 27609 | Swamp:2  | Gained mutation: Your system is resistant to poisons.
                  | (rPois) [potion of mutation]
 27609 | Swamp:2  | Gained mutation: You are partially covered in iridescent
                  | scales. (AC +2) [potion of mutation]
 27610 | Swamp:2  | Lost mutation: Your flesh is cold resistant. (rC+) [potion
                  | of mutation]
 27610 | Swamp:2  | Lost mutation: You have a pair of small antennae on your
                  | head. [potion of mutation]
 27610 | Swamp:2  | Gained mutation: You are very frail. (-20% HP) [potion of
                  | mutation]
 27610 | Swamp:2  | Gained mutation: Your flesh is cold resistant. (rC+)
                  | [potion of mutation]
 27611 | Swamp:2  | Lost mutation: Your flesh is cold resistant. (rC+) [potion
                  | of mutation]
 27611 | Swamp:2  | Lost mutation: You are very frail. (-20% HP) [potion of
                  | mutation]
 27611 | Swamp:2  | Lost mutation: Your system is resistant to poisons. (rPois)
                  | [potion of mutation]
 27611 | Swamp:2  | Gained mutation: Potions cannot restore your health.
                  | [potion of mutation]
 27611 | Swamp:2  | Gained mutation: You have sharp fingernails. [potion of
                  | mutation]
 27611 | Swamp:2  | Gained mutation: You are clumsy. (Dex -2) [potion of
                  | mutation]
 27612 | Swamp:2  | Lost mutation: You have sharp fingernails. [potion of
                  | mutation]
 27612 | Swamp:2  | Lost mutation: You are partially covered in iridescent
                  | scales. (AC +2) [potion of mutation]
 27612 | Swamp:2  | Lost mutation: You are clumsy. (Dex -2) [potion of
                  | mutation]
 27612 | Swamp:2  | Gained mutation: You have a pair of small horns on your
                  | head. [potion of mutation]
 27613 | Swamp:2  | Lost mutation: Potions cannot restore your health. [potion
                  | of mutation]
 27613 | Swamp:2  | Lost mutation: You expend magic power (3 MP) to strengthen
                  | your wands. [potion of mutation]
 27613 | Swamp:2  | Gained mutation: Your spells are a little harder to cast,
                  | but a little more powerful. [potion of mutation]
 27613 | Swamp:2  | Gained mutation: You expend magic power (3 MP) to
                  | strengthen your wands. [potion of mutation]
 27867 | Swamp:3  | Found a runed translucent gate.
 27867 | Swamp:3  | Found a runed translucent gate.
 27867 | Swamp:3  | Found a runed translucent gate.
 27868 | Swamp:3  | Noticed bakla's ghost (adept KoBr)
 27916 | Swamp:3  | Killed bakla's ghost
 27923 | Swamp:3  | Identified the +5 flail of the Mauling Saviour {protect,
                  | rC- Str+3 Int+3}
 27930 | Swamp:3  | Identified the +10 war axe "Egariz" {heavy, Contam rPois
                  | rN++ Str-4}
 28424 | Swamp:4  | Entered Level 4 of the Swamp
 28739 | Swamp:4  | Identified the +1 dagger of the Neverending Lives {drain,
                  | Dex+3}
 28982 | Swamp:4  | Noticed the 27-headed Lernaean hydra
 28993 | Swamp:4  | Killed the 27-headed Lernaean hydra
 29041 | Swamp:4  | Got a decaying rune of Zot
 29290 | Snake:4  | Reached XP level 16. HP: 120/120 MP: 16/16
 29629 | Snake:4  | Got a serpentine rune of Zot
 29923 | Vaults:1 | Entered Level 1 of the Vaults
 30225 | Vaults:1 | Found a radiant altar of Vehumet.
 30235 | Vaults:1 | Identified the +1 robe of Infinity {rPois rC- Int-2 SInv}
 30260 | Vaults:1 | Identified the +1 hat "Uptogron" {rPois Int+3}
 31120 | Vaults:2 | Reached XP level 17. HP: 126/126 MP: 17/17
 31790 | Vaults:2 | Found a staircase to the Crypt.
 32378 | Vaults:3 | Identified the +1 leather armour of the Akabeko {rPois rF+
                  | rC+ Dex+2}
 32665 | Vaults:3 | Noticed Donald
 32670 | Vaults:3 | Killed Donald
 33352 | Vaults:4 | Reached XP level 18. HP: 132/132 MP: 18/18
 33406 | Vaults:4 | Noticed Norris
 33425 | Vaults:4 | Killed Norris
 33482 | Vaults:4 | Found Tetinuo's Weapon Boutique.
 33492 | Vaults:4 | Found Fuipsureut's Assorted Antiques.
 33498 | Vaults:4 | Bought a glowing scarf for 344 gold pieces
 33500 | Vaults:4 | Bought a pair of ancient boots for 408 gold pieces
 33500 | Vaults:4 | Identified the +0 pair of boots of Activism {rPois MP+9
                  | Slay+2} (You bought it in a shop on level 4 of the Vaults)
 33535 | Vaults:4 | Bought a scroll of enchant armour for 322 gold pieces
 33762 | Vaults:4 | Found Ruoq's Magic Scroll Shop.
 33779 | Vaults:4 | Bought a scroll of identify for 36 gold pieces
 33779 | Vaults:4 | Bought a scroll of identify for 36 gold pieces
 33779 | Vaults:4 | Bought a scroll of teleportation for 54 gold pieces
 34389 | Vaults:5 | Entered Level 5 of the Vaults
 34558 | Crypt:1  | Entered Level 1 of the Crypt
 35313 | Crypt:2  | Identified the +4 mace "Newtbane" {drain, Str+2}
 35875 | Crypt:3  | Entered Level 3 of the Crypt
 36169 | Crypt:3  | Found a staircase to the Tomb.
 36343 | Crypt:3  | Reached XP level 19. HP: 137/137 MP: 19/19
 36429 | Crypt:3  | Found an ancient bone altar of Kikubaaqudgha.
 36708 | Crypt:3  | Identified the +4 rapier of Iterreol {protect, Will+ Int+3}
 36751 | Crypt:3  | Reached skill level 27 in Unarmed Combat
 37000 | Crypt:3  | Got the Essays on Spectres
 37266 | Vaults:5 | Reached skill level 15 in Fighting
 37365 | Vaults:5 | Noticed an ancient lich
 37368 | Vaults:5 | Identified the +5 spear of Moderation {freeze, rPois}
 37369 | Vaults:5 | Noticed a golden dragon
 37374 | Vaults:5 | Noticed a dread lich
 37384 | Vaults:4 | HP: 9/183 [titan/the air (14)]
 37531 | Vaults:5 | Killed a golden dragon
 37539 | Vaults:4 | Killed an ancient lich
 37544 | Vaults:4 | Reached XP level 20. HP: 140/149 MP: 13/20
 37576 | Vaults:5 | Killed a dread lich
 37608 | Vaults:5 | Identified the +8 great mace of Idajont {freeze, rF+ rCorr
                  | Str+4 Stlth+}
 37612 | Vaults:5 | Identified the +8 short sword "Xaqi" {holy, Dex+3}
 37619 | Vaults:5 | Noticed a golden dragon
 37816 | Vaults:5 | Killed a golden dragon
 38024 | Vaults:5 | Got the Volume of the Weird Black Widow
 38050 | Vaults:5 | Got a silver rune of Zot
 38230 | Vaults:5 | Identified the ring of Vodghir {rElec rPois Int+6}
 39114 | Depths:1 | Entered Level 1 of the Depths
 39537 | Elf:1    | Entered Level 1 of the Elven Halls
 40151 | Elf:1    | Got Dispater's Exposition on Companions
 40294 | Elf:1    | Identified the ring of Qeroim {rF+ rCorr AC+4 Int+2}
 40581 | Elf:1    | You fall into a shaft and drop 1 floor!
 40644 | Elf:2    | Found a runed translucent gate.
 40644 | Elf:2    | Found a runed translucent gate.
 40645 | Elf:2    | Found a runed translucent gate.
 41367 | Elf:2    | Found an ancient bone altar of Kikubaaqudgha.
 41848 | Elf:3    | Entered Level 3 of the Elven Halls
 42054 | Elf:3    | Noticed Wurlitzer's ghost (adept BaHs)
 42065 | Elf:3    | Reached skill level 27 in Shapeshifting
 42173 | Elf:3    | Paralysed by an air elemental for 1 turns
 42266 | Elf:3    | Reached XP level 21. HP: 130/158 MP: 21/21
 42266 | Elf:3    | Upgraded the game from 0.31-a0-740-g87205ac768 to
                  | 0.31-a0-774-g0d66cbabe8
 42288 | Elf:3    | Reached skill level 1 in Armour
 42682 | Elf:3    | Found a transporter.
 42723 | Elf:3    | Found Xeggulam's Antique Armour Shoppe.
 42731 | Elf:3    | Bought a glowing cloak for 180 gold pieces
 42731 | Elf:3    | Bought a pair of embroidered gloves for 180 gold pieces
 42757 | Elf:3    | Found a transporter.
 42872 | Elf:3    | Identified the amulet of Lugonu's Reproof {RegenMP Drain
                  | rPois MP+9 Str+6}
 43018 | Elf:3    | Identified the +11 great mace "Huckuneo" {heavy, rCorr}
 43062 | Elf:3    | Identified the amulet "Paamuyrph" {Acrobat rCorr}
 43092 | Abyss:3  | Cast into level 3 of the Abyss (a deep elf sorcerer)
 43402 | Elf:3    | Escaped the Abyss
 43515 | Elf:3    | Identified the +0 arbalest of Quantum Leap {freeze, Dex+3}
 43534 | Elf:3    | Identified the staff "Rinasyes" {rN+ rCorr Int+2 Conj}
 43555 | Elf:3    | Identified the staff "Ogreslayer" {rElec rF+ Air}
 43621 | Elf:3    | Found the +6 lightning scales {swift, rElec}
 44132 | Depths:1 | Found Zyintoi's Weapon Boutique.
 44146 | Depths:1 | Found a gateway to Hell.
 44240 | Depths:1 | Noticed a juggernaut
 44248 | Depths:1 | Killed a juggernaut
 44255 | Depths:1 | Identified the +1 rapier "Vuxtam Gioz" {speed, Drain rElec
                  | Str+2}
 44382 | Depths:1 | Found Zunnade's Firing Range.
 44671 | Depths:2 | Found a one-way gateway to a ziggurat.
 44676 | Depths:2 | Found a sparkling altar of Nemelex Xobeh.
 44744 | Depths:2 | Reached skill level 5 in Armour
 44893 | Depths:2 | Found a one-way gate leading to the halls of Pandemonium.
 45053 | Depths:2 | Identified the +0 trident of False Accusations {heavy,
                  | rElec Str+3 Int+2}
 45802 | Depths:3 | Found the +6 arbalest "Damnation" {damnation}
 45834 | Depths:3 | Reached XP level 22. HP: 171/171 MP: 22/22
 45865 | Depths:3 | Found a glowing golden altar of the Shining One.
 45867 | Depths:3 | Found a glowing silver altar of Zin.
 45868 | Depths:3 | Found a white marble altar of Elyvilon.
 45922 | Depths:3 | Found Niurixal's Book Emporium.
 46021 | Depths:3 | Identified the +0 robe of Tender Moments {rPois rCorr Str-5
                  | Int-2}
 46585 | Depths:3 | Identified the +4 plate armour "Biumirgh" {-Cast Will+
                  | Dex+3 Stlth+}
 46707 | Depths:3 | Found a portal to a secret trove of treasure.
 46734 | Depths:3 | Upgraded the game from 0.31-a0-774-g0d66cbabe8 to
                  | 0.31-a0-795-g5eb97db20b
 46739 | Depths:4 | Entered Level 4 of the Depths
 46749 | Depths:4 | Found Hepax's Book Shoppe.
 46781 | Depths:4 | Found a magical portal.
 46792 | WizLab   | Entered Borgnjor's Mausoleum
 47126 | WizLab   | Got a faded book
 47476 | Depths:4 | Noticed Sojobo
 47485 | Depths:4 | Killed Sojobo
 47541 | Depths:4 | Identified the +7 demon trident of Departure {drain, Contam
                  | rElec Dex+2}
 47894 | Depths:4 | Identified the +9 flail of the Rattlesnake {flame, rC+}
 48060 | Depths:4 | Found a runed translucent door.
 48072 | Depths:4 | Found a runed translucent door.
 48093 | Depths:4 | Found a runed translucent door.
 48104 | Depths:4 | Found a runed translucent door.
 48118 | Depths:4 | Reached XP level 23. HP: 185/185 MP: 23/23
 48129 | Depths:4 | Found a gate to the Realm of Zot.
 48215 | Depths:4 | Found a runed translucent door.
 48222 | Depths:4 | Found a runed translucent door.
 48556 | Zot:1    | Entered Level 1 of the Realm of Zot
 50586 | Zot:2    | Reached skill level 10 in Armour
 50593 | Zot:2    | Found the +4 dragonskin cloak
 50593 | Zot:2    | Noticed Tiamat
 50945 | Zot:2    | Killed Tiamat
 51592 | Orc:2    | Bought a scroll of enchant armour for 202 gold pieces
 51592 | Orc:2    | Bought a faintly humming plate armour for 756 gold pieces
 51592 | Orc:2    | Identified the +6 plate armour of the Taurataur {Dex+4}
                  | (You bought it in a shop on level 2 of the Orcish Mines)
 51892 | Vaults:4 | Bought a scroll of enchant armour for 135 gold pieces
 52469 | Zot:3    | Noticed an orb of fire
 52487 | Zot:3    | Killed an orb of fire
 52982 | Zot:3    | Reached XP level 24. HP: 133/198 MP: 6/23
 53737 | Zot:4    | Identified the +9 spear of the Kidney {freeze, rC+}
 54459 | Zot:5    | Entered Level 5 of the Realm of Zot
 55501 | Lair:5   | Found a staircase to the Slime Pits.
 55531 | Slime:1  | Entered Level 1 of the Pits of Slime
 55605 | Slime:1  | Reached skill level 27 in Dodging
 55970 | Slime:1  | Lost mutation: You are frail. (-10% HP) [potion of
                  | mutation]
 55970 | Slime:1  | Lost mutation: You expend magic power (3 MP) to strengthen
                  | your wands. [potion of mutation]
 55970 | Slime:1  | Gained mutation: Your system is resistant to poisons.
                  | (rPois) [potion of mutation]
 55970 | Slime:1  | Lost mutation: Your spells are a little harder to cast, but
                  | a little more powerful. [potion of mutation]
 56814 | Slime:4  | Noticed Dissolution
 56828 | Slime:3  | Killed Dissolution
 56933 | Slime:5  | Entered Level 5 of the Pits of Slime
 57003 | Slime:5  | Noticed the Royal Jelly
 57044 | Slime:5  | Killed the Royal Jelly
 57216 | Slime:5  | Reached skill level 27 in Fighting
 57299 | Slime:5  | Got a slimy rune of Zot
 57303 | Slime:5  | Identified the staff of the Abyss {*Slow rC+ Str+6 Conj}
 57306 | Slime:5  | Identified the +3 scale mail of Subjectivity {Str+2 Slay+2}
 57313 | Slime:5  | Identified the +5 broad axe "Zyolem" {freeze, rF+ rCorr
                  | Int+3}
 57337 | Slime:5  | Found the necklace of Bloodlust {Fury *Rage Will++ Int-3
                  | Slay+6}
 57359 | Slime:5  | Identified the +4 flail of the Majestic God {vamp, rN+}
 57404 | Slime:5  | Identified a scroll of acquirement
 57488 | Slime:5  | Acquired the +2 pair of gloves of Zooze {Str+3}
 57506 | Slime:5  | Identified the +3 plate armour "Empemu Pist" {Regen+ Str+2
                  | Int+3}
 59357 | Hell     | Entered the Vestibule of Hell
 59358 | Hell     | Noticed Geryon
 59853 | Hell     | Killed Geryon
 59929 | Hell     | Found a gateway to the ashen valley of Gehenna.
 60023 | Hell     | Found a gateway to the Iron City of Dis.
 60162 | Hell     | Found a gateway to the freezing wastes of Cocytus.
 60233 | Hell     | Found a gateway to the decaying netherworld of Tartarus.
 61060 | Zot:5    | Reached skill level 15 in Armour
 61557 | Zot:5    | Noticed an orb of fire
 61579 | Zot:5    | Killed an orb of fire
 61641 | Zot:5    | Noticed an ancient lich
 61654 | Zot:5    | Killed an ancient lich
 61655 | Zot:5    | Noticed a dread lich
 61666 | Zot:5    | Noticed an ancient lich
 61693 | Zot:5    | Killed a dread lich
 61793 | Zot:5    | Noticed an ancient lich
 61795 | Zot:5    | Noticed a dread lich
 61802 | Zot:5    | Killed an ancient lich
 61808 | Zot:5    | Killed a dread lich
 61811 | Zot:5    | Noticed an ancient lich
 61818 | Zot:5    | Killed an ancient lich
 61822 | Zot:5    | Noticed an ancient lich
 61838 | Zot:5    | Killed an ancient lich
 61988 | Zot:5    | Noticed an orb of fire
 62000 | Zot:5    | Killed an orb of fire
 62096 | Zot:5    | Noticed a dread lich
 62102 | Zot:5    | Killed a dread lich
 62580 | Zot:5    | Killed an ancient lich
 63660 | Tomb:1   | Entered Level 1 of the Tomb of the Ancients
 63702 | Tomb:1   | Noticed a royal mummy
 63703 | Tomb:1   | Noticed Khufu
 63704 | Tomb:1   | Noticed a royal mummy
 63705 | Tomb:1   | Noticed a royal mummy
 63711 | Tomb:1   | Killed Khufu
 63724 | Tomb:1   | Killed a royal mummy
 63725 | Tomb:1   | Reached skill level 15 in Shields
 63734 | Tomb:1   | Killed a royal mummy
 63742 | Tomb:1   | Killed a royal mummy
 64105 | Tomb:1   | Acquired a manual of Shields
 64226 | Tomb:1   | Noticed a royal mummy
 64228 | Tomb:1   | Noticed a royal mummy
 64235 | Tomb:1   | Noticed a royal mummy
 64237 | Tomb:1   | Noticed a royal mummy
 64237 | Tomb:1   | Noticed a royal mummy
 64238 | Tomb:1   | Noticed a royal mummy
 64238 | Tomb:1   | Noticed a royal mummy
 64238 | Tomb:1   | HP: 7/227 [revenant/dispel undead (71)]
 64238 | Tomb:1   | Killed from afar by a royal mummy

Illustrated notes

Levels and vault maps discovered:
D:1:      dpeg_arrival_rooms_c, layout_loops_ring
D:2:      layout_loops_ring, basic_altar, guppyfry_early_lair_pool
D:3:      layout_rooms, general_overflow_altar, chequers_garden
D:4:      layout_cave_pools, kennysheep_mini_moat, serial_column_ruins,
          column_ruins_grid_1, column_ruins_grid_4, column_ruins_open_small,
          column_ruins_columns_corner, column_ruins_corridor_corner,
          uniq_sigmund
D:5:      wad_woods_pond, layout_layer_cave,
          grunt_temple_overflow_order_and_chaos_2, serial_shops,
          nicolae_shop_hallway_stairs, minivault_11, kennysheep_generic_room_2
D:6:      layout_basic, chequers_temple_overflow_statue_of_worship,
          lemuel_tele_altar, minmay_temple_entry_hall, minmay_shop_grid_forest,
          grunt_decor_one_mirror, grunt_decor_resistance, minmay_misc_feat_five,
          uniq_jeremiah
D:7:      layout_gridville, mainiacjoe_overflow_catwalk
D:8:      layout_loops_cross, nicolae_dithmenos_through_a_glass_darkly,
          overflow_temple_1_default, lair_entry_dummy
D:9:      layout_rooms, serial_shops, shop, kennysheep_windowed_goal
D:10:     layout_irregular_city, fedhas_altar_3, serial_shops,
          nicolae_square_shop, nicolae_wwwww, wad_scary_box
D:11:     layout_irregular_city, portal_ice_cave_entry_animals_and_master,
          uniq_fannar
D:12:     layout_roguey, david_orc_3, hangedman_decor_clover_reticule,
          minmay_misc_feat_square, kennysheep_slug_shrine, uniq_rupert,
          uniq_erolcha
D:13:     layout_irregular_city, minmay_joined_circles, uniq_snorg, uniq_kirke,
          uniq_nessos, uniq_urug
D:14:     layout_basic, grunt_vaults_entry_tiered, serial_park_square1
          [serial_park_minivault_5x5_5], yredelemnul_altar_generic, uniq_agnes
D:15:     gammafunk_enter_depths_forms, layout_basic, columned_hall_lemuel
Temple:   hellmonk_temple_micro_hex
Lair:1:   layout_gridlike
Lair:2:   layout_chaotic_city, minmay_snake_entry_guardpost_small
Lair:3:   layout_small_grid, nicolae_swamp_entry_splash_gauntlet,
          infiniplex_staircase_pool
Lair:4:   layout_cave_pods, pdpol_lair_cavern_descent
Lair:5:   hellmonk_lair_end_abyssal_woods, layout_layer_cave,
          minmay_slime_entry_oklob_enclosed, gauntlet_entry_generic,
          evilmike_ambush [evilmike_ambush_outer_basic,
          evilmike_ambush_inner_wall_1]
Swamp:1:  layout_basic_swamp, serial_swamp_ruin, evilmike_swamp_ruin_wall,
          evilmike_swamp_ruin_rubble_1, evilmike_swamp_ruin_rubble_2,
          uniq_jorgrun
Swamp:2:  layout_basic_swamp, nicolae_swamp_ascending_descending_big,
          uniq_mlioglotl
Swamp:3:  layout_basic_swamp, gammafunk_ghost_hydra_chop,
          nicolae_swamp_dense_foliage, swamp_pool1, roderic_carrion_pond
Swamp:4:  grunt_swamp_rune_castle, layout_basic_swamp
Snake:1:  hangedman_cross_veins, layout_layer_cave, serial_bayou_shore_b
Snake:2:  layout_misc_corridors, nicolae_triple_integral
Snake:3:  hangedman_cross_stitches, layout_cave_shapes
Snake:4:  johnstein_snake_rune_scales, layout_onion_interference,
          nicolae_twisty_statue_hallways, minmay_shop_grove,
          serial_bayou_shore_b, grunt_megastairs_2
Slime:1:  layout_caves
Slime:2:  layout_caves
Slime:3:  layout_caves
Slime:4:  layout_caves, dissolution_awaits
Slime:5:  slime_pit_nicolae_block_by_block
Orc:1:    layout_caves, guppyfry_library_mini
Orc:2:    pubby_orc_utopia, serial_shops
Elf:1:    eino_elf_arrival_the_gate, layout_onion_city, minmay_elf_demonology,
          amethyst_killhole
Elf:2:    nicolae_elf_blades_splatter_lattice [nicolae_blade_tridents],
          layout_geoelf_octagon, basic_altar
Elf:3:    minmay_elf_hall_furrowed, layout_geoelf_diagonals,
          gammafunk_ghost_berserking_beasts, serial_shops,
          nicolae_shop_overgrown_old_shop
Vaults:1: v_misc_29, v_misc_29, nicolae_vaults_sightless_eye, vaults_room_pool,
          vaults_standard_mumra_x, nicolae_vaults_house_1,
          nicolae_vaults_puzzle_piece, dpeg_vaults_monster_row,
          nicolae_vaults_little_squares_2, vaults_mumra_chevron,
          grunt_tower_of_power, nicolae_vaults_offset_grid_hallway_3,
          nicolae_vaults_prndl, nicolae_vaults_diamond_1, vaults_dpeg_ring,
          layout_vaults_omnicross
Vaults:2: minmay_crypt_entry_simple_round, nicolae_vaults_rhombus_5,
          hangedman_vaults_slice, ontoclasm_vaults_ring_square,
          nicolae_vaults_octagons, nicolae_vaults_apartment_2, v_alt_pattern_1,
          nicolae_vaults_stairing_the_circle, nicolae_vaults_trapezoid_layered,
          v_pattern_3, nicolae_vaults_trapezoid_4, vaults_room_fours,
          nicolae_vaults_six-pack, hangedman_vaults_maws, layout_vaults_ring
Vaults:3: v_alt_pattern_4, vaults_dpeg_hooks, vaults_room_boxed, st_lattice,
          nicolae_vaults_bisected_slash, vaults_room_fours, v_alt_pattern_4,
          nicolae_vaults_diagonal_hallway_6, nicolae_vaults_three_branches,
          layout_vaults_omnigrid, serial_glass, uniq_donald
Vaults:4: hangedman_vaults_capsules, nicolae_vaults_apartment_2,
          nicolae_vaults_gold_heap, hangedman_vaults_pinch,
          nicolae_vaults_octothorpe, nicolae_vaults_closet_pinwheel_1,
          nicolae_vaults_mini_display_case, nicolae_vaults_house_2,
          layout_vaults_chaotic_city, serial_shops, shop,
          nicolae_lakefront_shop, nicolae_shop_hallway_stairs, uniq_norris
Vaults:5
Crypt:1:  layout_basic
Crypt:2:  layout_misc_corridors
Crypt:3:  church_of_pain_bobbens, layout_chaotic_city, grunt_ministairs_8,
          st_stairs_3
Tomb:1:   uniq_khufu
Depths:1: layout_cave_pools, hell_entry, abyss_entry_crystal,
          serial_bayou_ford_a, serial_shops, nicolae_shop_hallway_stairs,
          minmay_crystal_room, nicolae_shop_firing_range
Depths:2: cross_vault, layout_honeycomb, enter_ziggurat_d,
          nemelex_lonely_heart_becter, hell_entry, rand_demon_pan_entry_5
Depths:3: minmay_the_grid_octo_tiled_octocenter [minmay_the_grid_octo_focus,
          minmay_the_grid_octo_clover_2, minmay_the_grid_octo_empty,
          minmay_the_grid_octo_thin_diamonds,
          minmay_the_grid_octo_prize_ultimate_mussel_roller,
          minmay_the_grid_square_5x5_slash,
          minmay_the_grid_square_5x5_two_small,
          minmay_the_grid_square_5x5_three_small,
          minmay_the_grid_square_5x5_misaligned], layout_basic, abyss_entry,
          good_gods_temple_1, serial_shops, nicolae_shop_tiny_real_fake_doors,
          nicolae_trove_entry_crystal, pf_coc_iceberg
Depths:4: evilmike_zot_entry_castle, layout_small_grid, mu_enter_wizlab_6,
          hangedman_decor_growths, serial_shops, shop, hellmouth_1, uniq_sojobo
Hell
Zot:1:    layout_basic, grunt_megastairs_5
Zot:2:    layout_onion_interference, uniq_tiamat
Zot:3:    lemuel_firehouse, layout_onion_interference
Zot:4:    layout_misc_corridors
Zot:5:    layout_concentric_octagons, st_stairs_13, grunt_ministairs_14,
          skrybe_zot_glass_1

Skill      XL: |  1  2  3  4  5  6  7  8  9 10 11 12 13 14 15 16 17 18 19 20 21 22 23 24 |
---------------+-------------------------------------------------------------------------+-----
Shapeshifting  | 5 6 8 13 19 21 25 27 | 27.0
Dodging        | 3 4 6 10 12 13 15 16 17 19 20 22 24 26 27 | 27.0
Unarmed Combat | 4 6 10 12 14 16 18 19 20 23 26 27 | 27.0
Fighting       | 2 3 4 8 10 11 12 14 16 17 20 23 25 27 | 27.0
Shields        | 10 12 15 | 15.8
Armour         | 5 8 10 16 | 16.5

Action                     |  1- 3 |  4- 6 |  7- 9 | 10-12 | 13-15 | 16-18 | 19-21 | 22-24 | 25-27 || total
---------------------------+-------+-------+-------+-------+-------+-------+-------+-------+-------++-------
  Melee: Unarmed           |   114 |   148 |   602 |  1437 |  1373 |  1110 |  1143 |  2236 |       ||  8163
         Tailslap          |       |       |     1 |       |    15 |     2 |     2 |     1 |       ||    21
         Maw               |       |       |       |    68 |       |       |       |       |       ||    68
         Punch             |       |       |       |    59 |    42 |       |       |     6 |       ||   107
         Headbutt          |       |       |       |       |    51 |   283 |   230 |   654 |       ||  1218
  Throw: Javelin           |       |       |       |       |       |       |       |     3 |       ||     3
 Invoke: Sacrifice Experie |       |       |     1 |     2 |       |       |       |       |       ||     3
         Sacrifice Purity  |       |       |       |     1 |       |       |       |       |       ||     1
         Sacrifice Stealth |       |       |       |     1 |       |       |       |       |       ||     1
         Sacrifice Arcana  |       |       |       |     1 |       |       |       |       |       ||     1
         Apocalypse        |       |       |       |       |     1 |     2 |     7 |     5 |       ||    15
         Power Leap        |       |       |       |       |       |       |       |     3 |       ||     3
Ability: Siphon Essence    |       |       |       |       |       |       |     6 |     4 |       ||    10
         Begin Untransform |       |       |       |       |       |       |       |     1 |       ||     1
  Evoke: Wand              |       |       |     3 |     3 |     1 |       |     1 |     2 |       ||    10
         Horn of Geryon    |       |       |       |       |       |       |       |     1 |       ||     1
    Use: Potion            |       |     1 |     1 |     1 |     9 |       |       |     1 |       ||    13
         Scroll            |       |       |     2 |    21 |    10 |     4 |     1 |    14 |       ||    52
   Stab: Distracted        |       |       |       |     5 |    11 |     5 |     5 |    15 |       ||    41
         Paralysed         |       |       |       |    13 |     9 |     4 |    15 |    23 |       ||    64
         Invisible         |       |       |       |     9 |     4 |     5 |     3 |    11 |       ||    32
 Armour: Animal skin       |    43 |    36 |       |       |       |       |       |       |       ||    79
         Ring mail         |       |    65 |   106 |       |       |       |       |       |       ||   171
         Chain mail        |       |       |   353 |   872 |     8 |       |     1 |       |       ||  1234
         Skin              |       |       |       |   136 |  1247 |   798 |   684 |   517 |       ||  3382
         Gold dragon scale |       |       |       |       |       |       |   169 |   993 |       ||  1162
  Dodge: Dodged            |    63 |    77 |   330 |   815 |  1470 |   802 |   631 |   991 |       ||  5179
  Block: Kite shield       |       |       |       |       |  1136 |  1085 |   895 |  1369 |       ||  4485
         Reflection        |       |       |       |       |    54 |    64 |    50 |    16 |       ||   184
   Form: Flux              |     1 |     1 |       |     2 |       |       |       |       |       ||     4
         Blade             |       |     1 |       |     4 |       |       |       |       |       ||     5
         Maw               |       |       |       |     1 |       |       |       |       |       ||     1
         Statue            |       |       |       |       |     1 |       |     2 |       |       ||     3
         Death             |       |       |       |       |       |       |     2 |     4 |       ||     6
         Storm             |       |       |       |       |       |       |       |     2 |       ||     2

Table legend: (Time is in decaauts)
 A = Elapsed time spent in this place.
 B = Non-inter-level travel time spent in this place.
 C = Inter-level travel time spent in this place.
 D = Time resting spent in this place.
 E = Time spent auto-exploring this place.
 F = Levels seen in this place.
 G = Mean time per level.
                   A        B        C        D        E       F      G
               +--------+--------+--------+--------+--------+-----+--------+
         Total |  74024 |  63909 |  10115 |   4925 |  41792 |  61 | 1213.5 |
       Dungeon |  15902 |  12089 |   3813 |    561 |   8379 |  15 | 1060.1 |
        Temple |     10 |      6 |      4 |      0 |      0 |   1 |   10.0 |
          Lair |   6892 |   5567 |   1325 |    396 |   3825 |   5 | 1378.4 |
         Swamp |   3196 |   3076 |    120 |    288 |   1825 |   4 |  799.0 |
     Snake Pit |   6148 |   5444 |    704 |    131 |   3951 |   4 | 1537.0 |
    Slime Pits |   3284 |   3054 |    230 |    147 |   2051 |   5 |  656.8 |
  Orcish Mines |   3188 |   2647 |    541 |     22 |   1857 |   2 | 1594.0 |
   Elven Halls |   4400 |   4162 |    238 |    430 |   2649 |   3 | 1466.7 |
        Vaults |   9585 |   8292 |   1293 |    678 |   5571 |   5 | 1917.0 |
         Crypt |   3428 |   3187 |    241 |     34 |   2279 |   3 | 1142.7 |
          Tomb |    542 |    542 |      0 |    320 |     70 |   1 |  542.0 |
        Depths |   6476 |   5736 |    740 |    563 |   3597 |   4 | 1619.0 |
          Hell |    732 |    732 |      0 |      0 |    336 |   1 |  732.0 |
           Zot |   8778 |   7918 |    860 |   1218 |   5002 |   5 | 1755.6 |
         Abyss |    404 |    404 |      0 |    103 |      0 |   1 |  404.0 |
        Wizlab |    553 |    553 |      0 |     21 |    208 |   1 |  553.0 |
      Gauntlet |    499 |    499 |      0 |     11 |    186 |   1 |  499.0 |
               +--------+--------+--------+--------+--------+-----+--------+

Top non-repeatable levels by time:
   Zot:1: 2668 daAuts
   Zot:5: 2481 daAuts
   Orc:2: 2396 daAuts
Vaults:4: 2275 daAuts
 Snake:1: 2239 daAuts
Depths:4: 2170 daAuts
Vaults:2: 2156 daAuts
Vaults:3: 2097 daAuts
    D:15: 1961 daAuts
   Elf:3: 1952 daAuts
  Lair:5: 1933 daAuts
Vaults:1: 1808 daAuts
 Crypt:3: 1655 daAuts
     D:5: 1633 daAuts
Depths:3: 1584 daAuts
